 Dungeon Crawl Stone Soup version 0.19-a0-1886-gd64a0f0 (webtiles) character file.

737 Raykoid666 the Charmwright (level 7, 45/50 HPs)
             Began as a Demonspawn Skald on Oct 15, 2016.
             Starved to death
             ... on level 4 of the Dungeon.
             The game lasted 00:17:11 (4933 turns).

Raykoid666 the Charmwright (Demonspawn Skald)       Turns: 4933, Time: 00:17:11

Health: 45/50      AC:  7    Str: 14    XL:     7   Next: 46%
Magic:  9/10       EV: 10    Int: 12    God:
Gold:   165        SH:  0    Dex: 12    Spells: 4 memorised, 2 levels left

rFire  + . .     SeeInvis +     g - +2 flail (drain)
rCold  . . .     Gourm    +     n - +2 leather armour {rF+}
rNeg   . . .     Faith    .     (no shield)
rPois  .         Spirit   .     (no helmet)
rElec  .         Dismiss  .     (no cloak)
rCorr  .         Reflect  .     (no gloves)
MR     +....     Harm     .     (no boots)
Stlth  +.........               m - amulet of the gourmand
                                (no ring)
                                k - ring of see invisible

@: fainting, very heavily drained
A: talons 1, slimy green scales 1, see invisible, dopey 1, magic resistance 1,
powered by death 1
a: no special abilities


You were on level 4 of the Dungeon.
You were fainting.

You visited 1 branch of the dungeon, and saw 5 of its levels.

You collected 165 gold pieces.

Inventory:

Hand Weapons
 a - a +0 falchion
 g - a +2 flail of draining (weapon)
 h - a +3 dagger
Missiles
 l - 7 tomahawks (quivered)
Armour
 b - a +0 leather armour
 n - a +2 leather armour of fire resistance (worn)
 r - a +3 scale mail
Jewellery
 k - a ring of see invisible (left hand)
 m - an amulet of the gourmand (around neck)
Wands
 f - a wand of polymorph (1/24)
 s - a wand of teleportation (2/9)
 t - a wand of paralysis (20/24)
Scrolls
 i - 2 scrolls of identify
 j - 2 scrolls of remove curse
 o - a scroll of blinking
 q - a scroll of teleportation
Books
 c - a book of Battle

   Spells                             Type                      Level
   a - Infusion                       Charms                       1
   b - Shroud of Golubria             Charms/Translocation         2
   c - Song of Slaying                Charms                       2
   d - Spectral Weapon                Hexes/Charms                 3
   e - Regeneration                   Charms/Necromancy            3
 e - a book of Minor Magic

   Spells                             Type                      Level
   a - Magic Dart                     Conjuration                  1
   b - Blink                          Translocation                2
   c - Call Imp                       Summoning                    2
   d - Repel Missiles                 Charms/Air                   2
   e - Slow                           Hexes                        2
   f - Conjure Flame                  Conjuration/Fire             3
   g - Mephitic Cloud                 Conjuration/Poison/Air       3


   Skills:
 - Level 2.0(0.0) Fighting
 - Level 1.7(0.0) Long Blades
 - Level 3.0(0.1) Maces & Flails
 - Level 0.8(0.0) Armour
 - Level 0.8(0.0) Dodging
 - Level 2.0(0.0) Spellcasting
 - Level 6.4(3.2) Charms
 * Level 2.4(0.0) Summonings
 * Level 2.7(0.0) Necromancy


You had 2 spell levels left.
You knew the following spells:

 Your Spells              Type           Power        Failure   Level  Hunger
a - Infusion              Chrm           #...         14%         1    ##.....
b - Song of Slaying       Chrm           #.......     21%         2    ###....
c - Regeneration          Chrm/Necr      #.........   71%         3    ####...
d - Call Imp              Summ           #.......     67%         2    ###....


Dungeon Overview and Level Annotations

Branches:
Dungeon (5/15)
 Temple: D:4-7

Altars:


Innate Abilities, Weirdness & Mutations

You have sharp toenails.
You are partially covered in slimy green scales. (AC +2)
You regenerate a little health from kills.
You have supernaturally acute eyesight. (SInv)
You are dopey. (Int -2)
You are resistant to hostile enchantments. (MR+)


Message History

The hungry ghost completely misses you. The hungry ghost barely misses you.
You miss the hungry ghost.
The hungry ghost is severely damaged.
The hungry ghost hits you.
You feel slightly more hungry.
You miss the hungry ghost.
The hungry ghost is severely damaged.
The hungry ghost closely misses you.
You miss the hungry ghost.
The hungry ghost is severely damaged.
The hungry ghost barely misses you. x2
You barely miss the hungry ghost.
The hungry ghost is severely damaged.
The hungry ghost hits you.
You feel slightly more hungry.
You barely miss the hungry ghost.
The hungry ghost is severely damaged.
The hungry ghost hits you. x2
You miss the hungry ghost. Your kick misses the hungry ghost.
The hungry ghost is severely damaged.
You have starved to death.
You die...

## ##. ##.. #... #[.. # #...
##⌠#.## #... ##########.....⌠#
#... ###.......@W.# ###..
#..........### ####....
#######.#........# #.......
.............†...# ##..#...
####...#...<.....# ###.##...
#..###.........# ##...##... #.##
#.#....#### ##..#####.. #.#
#.......#### #..........
###.####..........#####..########


You could see a hungry ghost.

Vanquished Creatures
  The ghost of Raykoid666 the Cudgeler, an amateur DsSk (D:4)
  A phantom (D:4)
  An ogre (D:3)
  A crimson imp (D:4)
  An orc wizard (D:3)
  2 orc priests (D:3)
  Terence (D:2)
  2 worker ants
  6 adders
  3 oozes
  A worm (D:2)
  3 dart slugs
  9 leopard geckos
  13 orcs (D:3)
  5 giant cockroaches
  7 goblins
  6 hobgoblins
  4 jackals (D:2)
  2 quokkas
  A ball python (D:3)
  8 bats
  4 frilled lizards
  5 kobolds
  A leopard gecko skeleton (D:4)
  A quokka skeleton (D:4)
  14 rats
103 creatures vanquished.

Notes
Turn   | Place    | Note
-------+----------+-------------------------------------------
     0 | D:1      | Raykoid666 the Demonspawn Skald began the quest for the Orb.
     0 | D:1      | Reached XP level 1. HP: 16/16 MP: 3/3
    45 | D:1      | Reached skill level 3 in Charms
   323 | D:1      | Gained mutation: You regenerate a little health from kills. [demonic ancestry]
   323 | D:1      | Reached XP level 2. HP: 21/22 MP: 0/5
   404 | D:1      | Learned a level 2 spell: Song of Slaying
   620 | D:1      | Reached XP level 3. HP: 26/27 MP: 4/6
   763 | D:1      | Reached skill level 4 in Charms
   861 | D:1      | Learned a level 3 spell: Regeneration
  1286 | D:2      | Reached XP level 4. HP: 33/33 MP: 1/7
  1682 | D:2      | Reached skill level 5 in Charms
  1850 | D:2      | Noticed Terence
  1865 | D:2      | Gained mutation: You are resistant to hostile enchantments. (MR+) [potion of mutation]
  1865 | D:2      | Gained mutation: You are dopey. (Int -2) [potion of mutation]
  1865 | D:2      | Gained mutation: You have supernaturally acute eyesight. (SInv) [potion of mutation]
  1869 | D:2      | Killed Terence
  1869 | D:2      | Gained mutation: You are partially covered in slimy green scales. (AC +2) [demonic ancestry]
  1869 | D:2      | Reached XP level 5. HP: 36/38 MP: 3/8
  2164 | D:3      | Reached skill level 1 in Maces & Flails
  2238 | D:3      | You fall through a shaft for 2 floors!
  2238 | D:5      | Entered Level 5 of the Dungeon
  2564 | D:4      | Noticed a phantom
  2602 | D:3      | Gained mutation: You have sharp toenails. [demonic ancestry]
  2602 | D:3      | Reached XP level 6. HP: 23/44 MP: 1/9
  2969 | D:3      | Reached skill level 6 in Charms
  3790 | D:4      | Learned a level 2 spell: Call Imp
  3885 | D:4      | Noticed Raykoid666's ghost (amateur DsSk)
  3910 | D:4      | HP: 2/44 [Raykoid666's ghost (6)]
  3914 | D:4      | Killed Raykoid666's ghost
  3914 | D:4      | Reached XP level 7. HP: 2/50 MP: 0/10
  4906 | D:4      | Noticed a hungry ghost
  4933 | D:4      | Starved to death

Vault maps used:
D:1:      tarquinn_simple_flora_water_c, minivault_25, minmay_pentomino_p4
D:2:      uniq_terence
D:3:      st_stairs_12
D:4:      amethyst_overflow_temple_binary, serial_shops, nicolae_shop_crystal
D:5:      nicolae_overflow_crystal_walls, first_bread

Skill      XL: |  1  2  3  4  5  6 |
---------------+-------------------+-----
Charms         | 3 4 5 6 |  6.4
Maces & Flails | 1 3 |  3.0
Summonings     | 2 |  2.4
Necromancy     | 2 |  2.7
Fighting       | |  2.0
Long Blades    | |  1.7
Armour         | |  0.8
Dodging        | |  0.8
Spellcasting   | |  2.0

Action                   |  1- 3 |  4- 6 |  7- 9 || total
-------------------------+-------+-------+-------++-------
Melee: Falchion          |   107 |    48 |       ||   155
       Unarmed           |       |     2 |       ||     2
       Flail             |       |   131 |    54 ||   185
       Kick              |       |    17 |     7 ||    24
 Cast: Infusion          |    11 |    34 |     5 ||    50
       Regeneration      |       |     3 |       ||     3
       Call Imp          |       |     1 |       ||     1
Evoke: Wand              |       |     3 |       ||     3
  Use: Scroll            |     5 |     5 |       ||    10
       Potion            |       |    10 |       ||    10
  Eat: Bread ration      |     1 |     1 |       ||     2
       Beef jerky        |       |     1 |       ||     1
       Chunk             |       |     3 |       ||     3
       Meat ration       |       |       |     1 ||     1
Armor: Leather armour    |    20 |   105 |    31 ||   156
Dodge: Dodged            |    86 |   137 |    33 ||   256
       Rpst.: Falchion   |    25 |    13 |       ||    38
